Match 45128056
Unlisted

Match 45128056
End
Construct Section Command Post
Infantry Section
Infantry Section
Infantry Section
Construct Platoon Command Post
Grenade Package
6-pounder Anti-tank Gun Team
Unlock M3 Stuart Light Tanks
Selects Heavy Armor Battlegroup
Selects Rigorous Vehicle Training
Selects Light Vehicle Withdraw and Refit
Selects Radio Net
M3 Stuart Light Tank
M3 Stuart Light Tank
Light Vehicle Training
Construct Company Command Post
Selects Recon Artillery
Foot Guards Section
Crusader II Medium Tank
Selects Forward Repair Assembly
Selects UNKNOWN (2162094)
Foot Guards Section
ChevyDad
Neo
MeGBill
Z-fuzi
0
0

Comments sign in to comment!

No comments posted yet!